 Dungeon Crawl Stone Soup version 0.20.1-1-g8b1a95d (console) character file.

9 Goblin1989 the Firebug (level 2, 0/19 HPs)
             Began as a Demonspawn Fire Elementalist on July 6, 2017.
             Slain by a jackal (1 damage)
             ... on level 1 of the Dungeon.
             The game lasted 00:02:57 (329 turns).

Goblin1989 the Firebug (DsFE)                        Turns: 329, Time: 00:02:58

Health: 0/19       AC:  2    Str:  8    XL:     2   Next: 3%
Magic:  1/5        EV: 12    Int: 16    God:
Gold:   29         SH:  0    Dex: 13    Spells: 4/5 levels left

rFire    . . .     SeeInvis .   g - +0 short sword
rCold    . . .     Gourm    .   (no shield)
rNeg     . . .     Faith    .   a - +0 robe
rPois    .         Spirit   .   (no helmet)
rElec    .         Reflect  .   (no cloak)
rCorr    .         Harm     .   (no gloves)
MR       .....                  (no boots)
Stlth    +++.......             (no amulet)
Regen    0.1/turn               (no ring)
MPRegen  0.1/turn               (no ring)

@: very slightly contaminated
A: nightstalker 1
a: no special abilities


You were on level 1 of the Dungeon.
You were not hungry.

You visited 1 branch of the dungeon, and saw 1 of its levels.

You collected 29 gold pieces.

Inventory:

Hand Weapons
 g - a +0 short sword (weapon)
Missiles
 h - 50 stones (quivered)
Armour
 a - a +0 robe (worn)
Books
 b - a book of Flames

   Spells                             Type                      Level
   a - Flame Tongue                   Conjuration/Fire             1
   b - Throw Flame                    Conjuration/Fire             2
   c - Conjure Flame                  Conjuration/Fire             3
   d - Inner Flame                    Hexes/Fire                   3
   e - Sticky Flame                   Conjuration/Fire             4
   f - Fireball                       Conjuration/Fire             5
Comestibles
 e - a bread ration {@e1}


   Skills:
 - Level 1.7 Dodging
 - Level 1.7 Stealth
 + Level 2.0 Spellcasting
 * Level 1.6 Conjurations
 * Level 2.9 Fire Magic


You had 4 spell levels left.
You knew the following spells:

 Your Spells              Type           Power        Failure   Level  Hunger
a - Flame Tongue          Conj/Fire      #....        9%          1    #......


Dungeon Overview and Level Annotations

Branches:
Dungeon (1/15)

Altars:


Innate Abilities, Weirdness & Mutations

You are slightly more attuned to the shadows.


Message History

Things that are here:
a short sword; a kobold corpse Unknown command.
You see here a robe.
You enter a teleport trap!
The teleport trap disappears.
Your surroundings suddenly seem different. 4 jackals come into view.
The jackal barks!
There are monsters nearby!
A kobold comes into view. It is wielding a dagger.
The kobold moves out of view.
The jackal barks!
A rat and a hobgoblin come into view.
Casting: Flame Tongue
Confirm with . or Enter, or press ? or * to list all spells.
Aiming: Flame Tongue
Press: ? - help, Shift-Dir - straight line, f - jackal
Aim: a jackal You miscast Flame Tongue.
You are very lightly contaminated with residual magic.
Nothing appears to happen.
You now have 2/3 mp.
Casting: Flame Tongue
Confirm with . or Enter, or press ? or * to list all spells.
Aiming: Flame Tongue
Press: ? - help, Shift-Dir - straight line, f/p - jackal
Aim: a jackal The flame tongue misses the jackal.
The jackal bites you. The rat barely misses you.
The jackal bites you but does no damage.
You take 1 damage, and have 12/13 hp.
You now have 1/3 mp.
Casting: Flame Tongue
Confirm with . or Enter, or press ? or * to list all spells.
Aiming: Flame Tongue
Press: ? - help, Shift-Dir - straight line, f/p - jackal
Aim: a jackal The flame tongue hits the jackal.
The jackal is moderately wounded.
The rat barely misses you. The jackal bites you.
You take 1 damage, and have 11/13 hp.
You now have 0/3 mp.
Casting: Flame Tongue
Confirm with . or Enter, or press ? or * to list all spells.
You don't have enough magic to cast that spell.
Casting: Flame Tongue
Confirm with . or Enter, or press ? or * to list all spells.
You don't have enough magic to cast that spell.
Unknown command.
Casting: Flame Tongue
Confirm with . or Enter, or press ? or * to list all spells.
You don't have enough magic to cast that spell.
Unknown command.
You barely miss the jackal.
The jackal is moderately wounded.
The hobgoblin shouts!
You hear a shout!
The jackal bites you but does no damage.
The rat misses you. The jackal barely misses you. The rat misses you.
You closely miss the rat. The jackal bites you. The rat completely misses you.
You take 2 damage, and have 9/13 hp.
You closely miss the rat. The jackal barely misses you. The jackal bites you.
The rat barely misses you.
You take 2 damage, and have 7/13 hp.
You closely miss the rat. The jackal bites you.
* * * LOW HITPOINT WARNING * * *
The rat misses you.
A dart slug comes into view.
You take 2 damage, and have 5/13 hp.
You hit the rat.
You kill the rat!
The jackal closely misses you. The jackal barely misses you.
A rat comes into view.
You see here a rat corpse.
The jackal bites you but does no damage.
The kobold shouts!
You hear a shout!
The jackal closely misses you.
The jackal barks!
The jackal completely misses you. The jackal misses you.
Okay, then.
You aren't carrying any potions.
The rat twitches its whiskers.
The jackal bites you.
* * * LOW HITPOINT WARNING * * *
You take 3 damage, and have 3/13 hp.
MASSIVE DAMAGE!!
Unknown command.
You hit the jackal.
The jackal is heavily wounded.
The jackal bites you.
* * * LOW HITPOINT WARNING * * *
The jackal barely misses you. x2; The jackal closely misses you.
You take 2 damage, and have 1/13 hp.
Unknown command.
The jackal barks!
You hit the jackal.
You kill the jackal!
You have reached level 2!
Your demonic ancestry asserts itself...
You slip into the darkness of the dungeon.
The jackal bites you.
You die...

███....█.█.█.███
.......h███.█.█....
........█ █w█......
██████..█ █†.....█
█..█ █.....██
███..███..█..█
█...g.wr.....█
█.hK.██████████


█@h███ ..... ████ ██...██ ██.....██ ██...>...██ █.. ██.........██ █..
██...........█ █.. ██......█...... ████ .. ██......███..... █.█████..██.█
██.....)██ ██.... You could see a dart slug, 2 jackals, a hobgoblin, a kobold
and a rat.

Vanquished Creatures
  A leopard gecko (D:1)
  A giant cockroach (D:1)
  A jackal (D:1)
  3 kobolds (D:1)
  2 rats (D:1)
8 creatures vanquished.

Notes
Turn   | Place    | Note
-------+----------+-------------------------------------------
     0 | D:1      | Goblin1989 the Demonspawn Fire Elementalist began the quest for the Orb.
     0 | D:1      | Reached XP level 1. HP: 13/13 MP: 3/3
   329 | D:1      | Gained mutation: You are slightly more attuned to the shadows. [demonic ancestry]
   329 | D:1      | Reached XP level 2. HP: 1/19 MP: 1/5
   329 | D:1      | Slain by a jackal

Action                   || total
-------------------------++-------
Melee: Short sword       ||    11
 Cast: Flame Tongue      ||    12
Armor: Robe              ||     4
Dodge: Dodged            ||    21

Vault maps used:
D:1:      dpeg_arrival_central
